Map: Ruins of Seras

Players

Altair - Winner!

  • Race: Protoss Protoss
  • League: Diamond

MorN

  • Race: Terran Terran
  • League: Master

VOD

Have the link to the VOD?

Description

Time

  • Played on: Nov. 18, 2015, 6:43 p.m.
  • Length: 6:53
Show
View Real Time Build Order
Export as new Build Order

Altair Protoss - Winner!

Build Orders:  

Get SALT Encoding   

  12  0:13  Probe (Chrono Boost)  
  13  0:16  Pylon  
  13  0:24  Probe (Chrono Boost)  
  14  0:36  Probe (Chrono Boost)  
  14  0:38  Gateway  
  15  0:47  Probe (Chrono Boost)  
  15  0:48  Assimilator  
  16  0:57  Probe (Chrono Boost)  
  17  1:09  Probe (Chrono Boost)  
  18  1:15  Pylon  
  18  1:20  Probe (Chrono Boost)  
  19  1:28  Cybernetics Core  
  19  1:30  Probe (Chrono Boost)  
  20  1:41  Probe (Chrono Boost)  
  20  1:45  Assimilator  
  21  1:49  Pylon  
  21  1:51  Probe (Chrono Boost)  
  22  2:06  Mothership Core (Chrono Boost)  
  24  2:16  Warp Gate (Chrono Boost)  
  24  2:17  Adept  
  26  2:24  Probe (Chrono Boost)  
  26  2:35  Probe (Chrono Boost)  
  27  2:47  Probe (Chrono Boost)  
  28  2:53  Gateway  
  28  2:54  Gateway  
  28  2:55  Pylon  
  28  2:56  Gateway  
  28  3:14  Robotics Facility  
  28  3:20  Gateway  
  28  3:35  Pylon  
  28  4:02  Immortal (Chrono Boost)  
  32  4:20  Adept x3  
  38  4:25  Sentry x2  
  42  4:37  Immortal (Chrono Boost)  
  46  4:41  Pylon  
  46  4:45  Adept x2  
  50  4:48  Sentry  
  50  4:50  Sentry  
  54  5:00  Adept  
  54  5:06  Pylon  
  56  5:11  Observer (Chrono Boost)  
  56  5:14  Adept  
  55  5:33  Stalker  
  55  5:34  Stalker  
  53  5:50  Adept x3  
  53  6:20  Adept x4  
  53  6:21  Adept  
  61  6:43  Stalker  
  61  6:44  Stalker x2  
Show
View Real Time Build Order
Export as new Build Order

MorN Terran 

Build Orders:  

Get SALT Encoding   

  12  0:00  SCV  
  13  0:12  SCV  
  14  0:18  Supply Depot  
  14  0:24  SCV  
  15  0:40  SCV  
  15  0:41  Barracks  
  16  0:45  Refinery  
  16  0:52  SCV  
  17  1:08  SCV  
  18  1:20  SCV  
  19  1:29  Marine  
  19  1:32  Orbital Command  
  20  1:45  Command Center  
  20  1:55  Factory  
  20  2:01  Marine  
  20  2:07  Supply Depot  
  21  2:14  SCV  
  22  2:21  Marine  
  23  2:32  SCV  
  24  2:40  Factory Tech Lab  
  24  2:42  Barracks  
  24  2:43  Marine  
  25  2:45  SCV  
  26  2:57  Orbital Command  
  26  2:59  SCV  
  26  3:00  Cyclone  
  26  3:02  Marine  
  31  3:11  SCV  
  32  3:12  Engineering Bay  
  32  3:17  Refinery  
  32  3:23  SCV  
  32  3:24  SCV  
  34  3:35  SCV  
  34  3:36  SCV  
  34  3:39  Stimpack  
  34  3:40  Missile Turret  
  36  3:48  SCV  
  37  3:51  Bunker  
  37  3:52  Marine  
  38  3:56  Barracks Reactor  
  38  3:58  Factory Reactor  
  38  4:00  Factory Tech Lab, Barracks  
  38  4:02  SCV  
  38  4:10  SCV  
  38  4:14  SCV  
  40  4:24  Supply Depot  
  40  4:29  Cyclone, Refinery  
  43  4:32  SCV  
  44  4:41  Bunker, Marine x2  
  49  4:45  SCV  
  49  4:46  Supply Depot, Marauder  
  49  4:48  Marine  
  50  4:54  SCV  
  50  4:57  SCV  
  50  4:59  Marine  
  53  5:06  SCV  
  54  5:09  SCV  
  55  5:18  Barracks Reactor, SCV  
  56  5:22  SCV, Starport  
  42  5:35  Marine  
  42  5:36  Marine x2  
  37  5:48  SCV  
  37  5:50  Cyclone  
  37  5:53  Marine x3  
  40  6:10  Medivac  
  40  6:11  Marine x3  
  35  6:23  Supply Depot x2  
  33  6:28  Marine  
  33  6:29  Marine  
  33  6:30  Marauder  
Tags
 
Add a new tag
Caveats
  • Supply blocks, unpowered buildings, or Contaminate may cause inaccurate times.
  • Supply counts are checked every 10 seconds.